 Dungeon Crawl Stone Soup version 0.29.0-4-gdea44cf6ec (webtiles) character file.

Game seed: 15199940757066085785

3666 qw the Cleaver (level 10, 0/60 HPs)
             Began as a Tengu Warper on Aug 28, 2022.
             Was an Elder of Okawaru.
             Succumbed to a killer bee's poison
             ... on level 8 of the Dungeon.
             The game lasted 00:00:54 (8237 turns).

qw the Cleaver (Tengu Warper)                       Turns: 8237, Time: 00:00:54

Health: 0/60       AC: 15    Str: 22    XL:     10   Next: 12%
Magic:  4/4        EV: 12    Int: 14    God:    Okawaru [****..]
Gold:   15         SH:  0    Dex: 15    Spells: 13/13 levels left

rFire   . . .      SeeInvis .   l - +2 hand axe (antimagic)
rCold   . . .      Faith    .   (no shield)
rNeg    + + .      Spirit   .   b - +0 plate armour
rPois   +          Reflect  .   (helmet restricted)
rElec   .          Harm     .   (no cloak)
rCorr   .          Rampage  .   d - +0 pair of gloves
Will    .....                   (boots unavailable)
Stlth   ..........              n - amulet "Vaeziyf" {RegenMP rN++ Regen+ Dex+2}
HPRegen 1.00/turn               o - ring of poison resistance
MPRegen 0.49/turn               t - +6 ring of strength

@: lethally poisoned (0 -> -5), heroic, weakened, flying quickly and evasively,
quick
A: beak, talons 3, nimble flight
a: Renounce Religion, Heroism, Finesse


You were on level 8 of the Dungeon.
You worshipped Okawaru.
Okawaru was greatly pleased with you.
You visited 2 branches of the dungeon, and saw 9 of its levels.

You collected 289 gold pieces.
You spent 274 gold pieces at shops.


Innate Abilities, Weirdness & Mutations

You have a beak for a mouth.
You have claws for feet.
Your magical nature lets you fly swiftly and evasively.


   Skills:
 + Level 5.7(10.7) Fighting
 - Level 12.0(17.0) Axes
 - Level 1.0(6.0) Throwing
 - Level 5.0(10.0) Armour
 - Level 4.2(9.2) Dodging
 - Level 2.0 Spellcasting
 - Level 2.4 Translocations
 + Level 4.1 Invocations


You had 13 spell levels left.
You didn't know any spells.
Your spell library contained the following spells:

 Spells                   Type           Power      Damage    Failure   Level
 Blink                    Tloc           16%        N/A       88%         2
 Gell's Gravitas          Tloc           8%         N/A       98%         3
 Lesser Beckoning         Tloc           8%         N/A       98%         3
 Teleport Other           Tloc           8%         N/A       98%         3
 Manifold Assault         Tloc           8%         N/A       100%        5

Inventory:

Hand Weapons
 a - a +2 flail of protection
 l - a +2 antimagic hand axe (weapon)
Armour
 b - a +0 plate armour (worn)
 d - a +0 pair of gloves (worn)
Jewellery
 f - a ring of fire
 n - the amulet "Vaeziyf" (around neck) {RegenMP rN++ Regen+ Dex+2}
   (You found it on level 7 of the Dungeon)

   [amulet of magic regeneration]

   It increases your rate of magic regeneration.
   Dex:       It affects your dexterity (+2).
   rN:        It greatly protects you from negative energy.
   Regen:     It increases your rate of health regeneration.
 o - a ring of poison resistance (left hand)
 t - a +6 ring of strength (right hand)
 Y - a ring of resist corrosion
Scrolls
 g - a scroll of identify
Potions
 c - a potion of might
 h - 3 potions of curing
 i - a potion of mutation {unknown}
 j - a potion of cancellation
 k - a potion of invisibility {unknown}
 m - a potion of berserk rage {unknown}
 p - a potion of brilliance {unknown}
 q - a potion of magic {unknown}
 r - a potion of flight {unknown}
 s - a potion of haste {unknown}

Dungeon Overview and Level Annotations

Branches:
Dungeon (8/15)             Temple (1/1) D:4
   Lair: D:8-11

Altars:
Ashenzari
Cheibriados
Dithmenos
Elyvilon
Gozag
Hepliaklqana
Kikubaaqudgha
Makhleb
Nemelex Xobeh
Okawaru
Qazlal
Ru
Sif Muna
Uskayaw
Vehumet
Wu Jian
Yredelemnul
Zin
The Shining One

Shops:
D:2 *   D:5 (   D:7 =

Portals:
Bailey: D:7

Annotations:
D:4 3 runed translucent doors, qw's ghost, novice TeWr
D:6 1 runed translucent door, Crazy Yiuf
D:8 1 runed translucent door


Message History

You hit the killer bee.
You hit the killer bee but do no damage.
You miss the killer bee.
Your attacks no longer feel as feeble.
You feel sick. The killer bee closely misses you.
The killer bee stings you but does no damage. x2
The gnoll completely misses you.
The gnoll bouda gazes fiercely through you!
You feel your attacks grow feeble.
You miss the killer bee. Your kick misses the killer bee.
Your peck misses the killer bee.
The killer bee is almost dead.
You closely miss the killer bee. You miss the killer bee.
You feel sick. The killer bee closely misses you.
The killer bee stings you but does no damage.
The killer bee stings you.
You are lethally poisoned!
The killer bee poisons you! The gnoll hits you but does no damage.
The gnoll barely misses you. The killer bee barely misses you. x2
The gnoll misses you. The killer bee closely misses you.
You barely miss the killer bee. Your kick misses the killer bee.
The killer bee is almost dead.
You hit the killer bee. You miss the killer bee.
You hit the gnoll bouda but do no damage.
You feel sick. The killer bee closely misses you.
The killer bee barely misses you. The killer bee misses you.
You hit the killer bee.
You kill the killer bee!
Okawaru accepts your kill.
You miss the killer bee.
You hit the killer bee but do no damage.
You hit the gnoll bouda but do no damage.
You feel sick. The gnoll misses you. The gnoll hits you but does no damage.
The killer bee barely misses you. The killer bee misses you.
The gnoll hits you but does no damage.
You slash the killer bee!
You kill the killer bee!
Okawaru accepts your kill.
You hit the killer bee. You slash the gnoll bouda! You hit the gnoll.
You die...

##.#..........
#8+8...............
#.....#...........##
#####...........#......#
................#.......
..##.###..#...........
.##...###.#.#...g.g.#
##....##....#...)gg.###.
##..>.##....##.g@.......
............##..#y.##...
................##..#
.......##.......# .##
.........#.....## .
.....##.##.>...# ##
......#.#........
.................#
.........(........#


You could see a gnoll bouda, a killer bee and 4 gnolls.

Vanquished Creatures
  Pikel (D:6)
  Prince Ribbit (D:7)
  Edmund (D:6)
  An orc warrior (D:6)
  A water moccasin (D:5)
  3 black bears
  A sky beast (D:6)
  6 ogres
  A necrophage (D:5)
  4 scorpions
  3 elf skeletons (D:6)
  8 killer bees (D:8)
  4 howler monkeys (D:7)
  3 hounds
  A human zombie (D:6)
  4 jellies
  2 orc priests
  Jessica (D:2)
  A gnoll bouda (D:6)
  9 iguanas
  Robin (D:3)
  14 gnolls
  9 adders
  2 shadow imps (D:6)
  A worm (D:2)
  6 dart slugs
  10 orcs
  11 endoplasms
  3 giant cockroaches (D:4)
  10 hobgoblins
  3 jackals (D:1)
  5 kobolds
  3 quokkas
  5 ball pythons
  2 bats
  5 frilled lizards
  14 goblins
  An orc skeleton (D:6)
  An orc zombie (D:6)
  3 rats
165 creatures vanquished.

Notes
Turn   | Place    | Note
-------+----------+-------------------------------------------
     0 | D:1      | qw the Tengu Warper began the quest for the Orb.
     0 | D:1      | Reached XP level 1. HP: 12/12 MP: 4/4
     0 | D:1      | 0 ||| qw: Version: 0.1-a-89-g26bdef1
     0 | D:1      | 0 ||| qw: Game counter: 880
     0 | D:1      | 0 ||| qw: Always use a shield: true
     0 | D:1      | 0 ||| qw: God list: Okawaru
     0 | D:1      | 0 ||| qw: Allow faded altars: false
     0 | D:1      | 0 ||| qw: Do Orc after D:15 true
     0 | D:1      | 0 ||| qw: Do second Lair branch before Depths: true
     0 | D:1      | 0 ||| qw: Lair rune preference: random
     0 | D:1      | 0 ||| qw: Plans: Normal
     0 | D:1      | 0 ||| PLANNING D:1-11
   180 | D:1      | Reached skill level 3 in Axes
   180 | D:1      | Reached XP level 2. HP: 16/17 MP: 6/6
   242 | D:1      | 242 ||| Stepping ~*~*~tactically~*~*~ (stealth).
   243 | D:1      | 243 ||| Stepping ~*~*~tactically~*~*~ (stealth).
   248 | D:1      | 248 ||| Stepping ~*~*~tactically~*~*~ (stealth).
   273 | D:1      | 273 ||| Stepping ~*~*~tactically~*~*~ (stealth).
   653 | D:1      | 653 ||| Stepping ~*~*~tactically~*~*~ (stealth).
   667 | D:1      | Reached XP level 3. HP: 6/21 MP: 7/7
  1002 | D:1      | 1002 ||| UPGRADING to +0 pair of gloves.
  1007 | D:1      | 1007 ||| UPGRADING to +6 ring of strength.
  1008 | D:1      | 1008 ||| READING scroll labelled SYENTIKHLIPH.
  1009 | D:1      | 1009 ||| READING scroll labelled GEYTHR EGYSIQYDE.
  1110 | D:1      | 1110 ||| DRINKING 2 smoky purple potions.
  1129 | D:1      | 1129 ||| DROPPING scroll of blinking.
  1130 | D:1      | 1130 ||| DROPPING potion of lignification.
  1200 | D:2      | 1200 ||| Stepping ~*~*~tactically~*~*~ (hiding).
  1207 | D:2      | Reached skill level 4 in Axes
  1310 | D:2      | Found a hide-covered altar of Uskayaw.
  1413 | D:2      | 1413 ||| Stepping ~*~*~tactically~*~*~ (hiding).
  1515 | D:2      | 1515 ||| Stepping ~*~*~tactically~*~*~ (hiding).
  1617 | D:2      | 1617 ||| Stepping ~*~*~tactically~*~*~ (hiding).
  1719 | D:2      | 1719 ||| Stepping ~*~*~tactically~*~*~ (hiding).
  1941 | D:2      | 1941 ||| Stepping ~*~*~tactically~*~*~ (stealth).
  1960 | D:2      | Reached XP level 4. HP: 26/26 MP: 8/8
  1961 | D:2      | Noticed Jessica
  1962 | D:2      | 1962 ||| Stepping ~*~*~tactically~*~*~ (hiding).
  2063 | D:2      | 2063 ||| DROPPING +0 club.
  2066 | D:2      | Killed Jessica
  2067 | D:2      | Reached skill level 5 in Axes
  2294 | D:2      | Found Tadwoopn's Assorted Antiques.
  2411 | D:2      | 2411 ||| BUYING clear potion (16 gold).
  2411 | D:2      | Bought a clear potion for 16 gold pieces
  2411 | D:2      | 2411 ||| SHOPLISTING embroidered scarf (144 gold, have 71).
  2411 | D:2      | 2411 ||| BUYING scroll labelled NUULAT VEHESM (18 gold).
  2411 | D:2      | Bought a scroll labelled NUULAT VEHESM for 18 gold pieces
  2411 | D:2      | 2411 ||| SHOPLISTING war axe (63 gold, have 53).
  2574 | D:2      | 2574 ||| UPGRADING to +0 ring mail.
  2584 | D:2      | 2584 ||| DROPPING +0 leather armour.
  2585 | D:2      | 2585 ||| UPGRADING to amulet of regeneration.
  2590 | D:2      | 2590 ||| READING scroll labelled LAMORO INUN.
  2591 | D:2      | 2591 ||| READING scroll labelled OLUXOD CIESUUV.
  2592 | D:2      | 2592 ||| READING scroll labelled URECVO ZEZEYCH.
  2593 | D:2      | 2593 ||| READING scroll labelled INIUMAA XAFYGO.
  2594 | D:2      | 2594 ||| READING scroll labelled NUULAT VEHESM.
  2595 | D:2      | 2595 ||| DRINKING 2 brown potions.
  2596 | D:2      | 2596 ||| Stepping randomly (stuck).
  2597 | D:2      | 2597 ||| Stepping ~*~*~tactically~*~*~ (cloud).
  2909 | D:3      | Gained mutation: Your magical nature lets you fly swiftly
                  | and evasively. [Tengu growth]
  2909 | D:3      | Reached XP level 5. HP: 30/30 MP: 9/9
  3109 | D:3      | 3109 ||| Stepping ~*~*~tactically~*~*~ (stealth).
  3180 | D:3      | Noticed Robin
  3181 | D:3      | 3181 ||| Stepping ~*~*~tactically~*~*~ (stealth).
  3186 | D:3      | Killed Robin
  3273 | D:3      | Found a faded altar of an unknown god.
  3790 | D:3      | 3790 ||| READING scroll labelled CYN ONNE FOTH.
  3795 | D:3      | 3795 ||| READING scroll labelled DENTUCK POSOAC.
  3842 | D:4      | 3842 ||| Stepping ~*~*~tactically~*~*~ (stealth).
  3843 | D:4      | 3843 ||| Stepping ~*~*~tactically~*~*~ (stealth).
  3845 | D:4      | 3845 ||| Stepping ~*~*~tactically~*~*~ (hiding).
  3886 | D:4      | Reached skill level 6 in Axes
  4007 | D:4      | 4007 ||| FLEEEEING.
  4008 | D:4      | 4008 ||| FLEEEEING.
  4011 | D:4      | 4011 ||| FLEEEEING.
  4012 | D:4      | 4012 ||| FLEEEEING.
  4015 | D:4      | 4015 ||| FLEEEEING.
  4017 | D:4      | 4017 ||| FLEEEEING.
  4018 | D:4      | 4018 ||| FLEEEEING.
  4019 | D:4      | 4019 ||| FLEEEEING.
  4020 | D:4      | 4020 ||| FLEEEEING.
  4021 | D:4      | 4021 ||| FLEEEEING.
  4022 | D:4      | 4022 ||| FLEEEEING.
  4023 | D:4      | 4023 ||| FLEEEEING.
  4029 | D:4      | HP: 7/30 [poisoned by a goblin]
  4038 | D:4      | 4038 ||| FLEEEEING.
  4039 | D:4      | 4039 ||| FLEEEEING.
  4040 | D:4      | 4040 ||| FLEEEEING.
  4041 | D:4      | 4041 ||| STAIRDANCE
  4065 | D:3      | 4065 ||| DROPPING ring of wizardry.
  4066 | D:3      | 4066 ||| READING 2 scrolls labelled AFINEA AXIAK.
  4082 | D:3      | 4082 ||| DRINKING 2 fuming ruby potions.
  4083 | D:3      | 4083 ||| DROPPING scroll of torment.
  4175 | D:4      | Found a staircase to the Ecumenical Temple.
  4176 | D:4      | 4176 ||| PLANNING TEMPLE
  4176 | D:4      | 4176 ||| UPGRADING to +0 chain mail.
  4186 | D:4      | 4186 ||| DROPPING +0 ring mail.
  4193 | Temple   | Entered the Ecumenical Temple
  4223 | Temple   | Became a worshipper of Warmaster Okawaru
  4264 | Temple   | 4264 ||| PLANNING D:1-11
  4335 | D:4      | Found a runed translucent gate.
  4335 | D:4      | Found a runed translucent gate.
  4335 | D:4      | Found a runed translucent gate.
  4403 | D:4      | 4403 ||| Stepping ~*~*~tactically~*~*~ (stealth).
  4454 | D:4      | Noticed a black bear
  4468 | D:4      | Killed a black bear
  4469 | D:4      | Reached skill level 3 in Armour
  4469 | D:4      | Reached XP level 6. HP: 30/35 MP: 10/10
  4639 | D:4      | Reached * piety under Okawaru
  4982 | D:4      | Noticed qw's ghost (novice TeWr)
  4984 | D:4      | 4984 ||| UPGRADING to ring of resist corrosion.
  4985 | D:4      | 4985 ||| DRINKING 3 viscous yellow potions.
  4986 | D:4      | 4986 ||| DROPPING 2 potions of degeneration.
  5004 | D:5      | Entered Level 5 of the Dungeon
  5005 | D:5      | 5005 ||| INVOKING Heroism.
  5006 | D:5      | 5006 ||| STAIRDANCE
  5008 | D:4      | 5008 ||| INVOKING Heroism.
  5012 | D:4      | Reached skill level 7 in Axes
  5060 | D:5      | 5060 ||| STAIRDANCE
  5062 | D:4      | 5062 ||| INVOKING Heroism.
  5075 | D:4      | Reached skill level 1 in Invocations
  5075 | D:4      | Reached XP level 7. HP: 21/40 MP: 9/11
  5131 | D:5      | Found Himelip's Weapon Shoppe.
  5158 | D:5      | 5158 ||| Stepping ~*~*~tactically~*~*~ (stealth).
  5165 | D:5      | 5165 ||| INVOKING Heroism.
  5190 | D:5      | 5190 ||| DROPPING +0 mace.
  5231 | D:5      | 5231 ||| INVOKING Heroism.
  5243 | D:5      | Reached skill level 3 in Fighting
  5272 | D:5      | 5272 ||| INVOKING Heroism.
  5298 | D:5      | 5298 ||| Stepping ~*~*~tactically~*~*~ (stealth).
  5314 | D:5      | 5314 ||| Stepping ~*~*~tactically~*~*~ (stealth).
  5319 | D:5      | 5319 ||| Stepping ~*~*~tactically~*~*~ (stealth).
  5323 | D:5      | 5323 ||| INVOKING Heroism.
  5399 | D:5      | Reached skill level 3 in Invocations
  5432 | D:5      | 5432 ||| INVOKING Heroism.
  5440 | D:5      | Reached XP level 8. HP: 46/46 MP: 9/12
  5462 | D:5      | 5462 ||| INVOKING Heroism.
  5474 | D:5      | Reached skill level 8 in Axes
  5476 | D:5      | HP: 10/46 [acid (2)]
  5477 | D:5      | 5477 ||| READING scroll of teleportation.
  5528 | D:5      | 5528 ||| INVOKING Heroism.
  5573 | D:5      | Reached ** piety under Okawaru
  5770 | D:5      | Reached skill level 9 in Axes
  5783 | D:5      | 5783 ||| SWAPPING to +2 antimagic hand axe.
  5784 | D:5      | 5784 ||| DROPPING +1 hand axe.
  5823 | D:5      | 5823 ||| INVOKING Heroism.
  5848 | D:5      | 5848 ||| Stepping ~*~*~tactically~*~*~ (hiding).
  5949 | D:5      | 5949 ||| READING scroll labelled FIWUIXTU XOCO.
  5950 | D:5      | 5950 ||| DRINKING 2 glowing dark potions.
  6204 | D:5      | 6204 ||| READING scroll of teleportation.
  6205 | D:5      | 6205 ||| STAIRDANCE
  6293 | D:5      | 6293 ||| Stepping randomly (stuck).
  6304 | D:6      | 6304 ||| PLANNING OSSUARY
  6327 | D:6      | Noticed Pikel
  6328 | D:6      | 6328 ||| INVOKING Heroism.
  6339 | D:6      | Killed Pikel
  6340 | D:6      | Reached skill level 10 in Axes
  6340 | D:6      | Reached XP level 9. HP: 44/52 MP: 2/13
  6420 | D:6      | 6420 ||| Stepping ~*~*~tactically~*~*~ (stealth).
  6429 | D:6      | Reached *** piety under Okawaru
  6471 | D:6      | Found a runed translucent door.
  6472 | D:6      | Noticed Crazy Yiuf
  6532 | D:6      | 6532 ||| Stepping ~*~*~tactically~*~*~ (hiding).
  6533 | D:6      | 6533 ||| Stepping ~*~*~tactically~*~*~ (hiding).
  6653 | D:6      | Noticed Edmund
  6654 | D:6      | 6654 ||| INVOKING Heroism.
  6682 | D:6      | Killed Edmund
  6683 | D:6      | Reached skill level 3 in Dodging
  6695 | D:6      | 6695 ||| DROPPING +0 flail.
  6738 | D:6      | 6738 ||| INVOKING Heroism.
  6739 | D:6      | 6739 ||| Stepping ~*~*~tactically~*~*~ (stealth).
  6768 | D:6      | 6768 ||| Stepping ~*~*~tactically~*~*~ (stealth).
  6771 | D:6      | 6771 ||| Stepping ~*~*~tactically~*~*~ (stealth).
  6772 | D:6      | 6772 ||| Stepping ~*~*~tactically~*~*~ (stealth).
  6773 | D:6      | 6773 ||| Stepping ~*~*~tactically~*~*~ (stealth).
  6775 | D:6      | 6775 ||| Stepping ~*~*~tactically~*~*~ (stealth).
  6776 | D:6      | 6776 ||| Stepping ~*~*~tactically~*~*~ (stealth).
  6777 | D:6      | 6777 ||| Stepping ~*~*~tactically~*~*~ (stealth).
  6778 | D:6      | 6778 ||| Stepping ~*~*~tactically~*~*~ (stealth).
  6784 | D:6      | 6784 ||| Stepping ~*~*~tactically~*~*~ (hiding).
  6787 | D:6      | 6787 ||| INVOKING Heroism.
  6883 | D:6      | 6883 ||| Stepping ~*~*~tactically~*~*~ (stealth).
  6887 | D:6      | 6887 ||| Stepping ~*~*~tactically~*~*~ (stealth).
  6892 | D:6      | 6892 ||| Stepping ~*~*~tactically~*~*~ (stealth).
  6893 | D:6      | 6893 ||| FLEEEEING.
  6894 | D:6      | 6894 ||| FLEEEEING.
  6895 | D:6      | 6895 ||| FLEEEEING.
  6896 | D:6      | 6896 ||| FLEEEEING.
  6900 | D:6      | 6900 ||| Stepping ~*~*~tactically~*~*~ (stealth).
  6901 | D:6      | 6901 ||| INVOKING Heroism.
  6909 | D:6      | 6909 ||| Stepping ~*~*~tactically~*~*~ (stealth).
  6913 | D:6      | 6913 ||| Stepping ~*~*~tactically~*~*~ (stealth).
  6917 | D:6      | Reached skill level 11 in Axes
  6917 | D:6      | HP: 5/54 [orc priest/divine providence (17)]
  6918 | D:6      | 6918 ||| READING scroll of teleportation.
  6919 | D:6      | 6919 ||| DRINKING potion of heal wounds.
  7024 | D:6      | 7024 ||| RIP OSSUARY
  7025 | D:6      | 7025 ||| PLANNING D:1-11
  7112 | D:6      | 7112 ||| INVOKING Heroism.
  7164 | D:6      | 7164 ||| Stepping ~*~*~tactically~*~*~ (stealth).
  7168 | D:6      | 7168 ||| INVOKING Heroism.
  7290 | D:6      | Found a glowing silver altar of Zin.
  7398 | D:6      | 7398 ||| UPGRADING to +0 plate armour.
  7408 | D:6      | 7408 ||| DROPPING +0 chain mail.
  7409 | D:6      | 7409 ||| READING scroll labelled FIULIUT ESTREPA.
  7410 | D:6      | 7410 ||| DRINKING 2 fuming clear potions.
  7411 | D:6      | 7411 ||| DROPPING potion of attraction.
  7463 | D:5      | 7463 ||| Stepping randomly (stuck).
  7571 | D:5      | 7571 ||| Stepping randomly (stuck).
  7621 | D:7      | 7621 ||| Stepping ~*~*~tactically~*~*~ (stealth).
  7632 | D:7      | 7632 ||| INVOKING Heroism.
  7689 | D:7      | 7689 ||| INVOKING Heroism.
  7699 | D:7      | Noticed Prince Ribbit
  7700 | D:7      | 7700 ||| Stepping ~*~*~tactically~*~*~ (stealth).
  7701 | D:7      | 7701 ||| Stepping ~*~*~tactically~*~*~ (stealth).
  7731 | D:7      | 7731 ||| INVOKING Heroism.
  7748 | D:7      | Killed Prince Ribbit
  7810 | D:7      | 7810 ||| Stepping ~*~*~tactically~*~*~ (stealth).
  7812 | D:7      | 7812 ||| Stepping ~*~*~tactically~*~*~ (stealth).
  7815 | D:7      | 7815 ||| Stepping ~*~*~tactically~*~*~ (stealth).
  7837 | D:7      | Found a flagged portal.
  7839 | D:7      | Identified the amulet "Vaeziyf" {RegenMP rN++ Regen+ Dex+2}
  7883 | D:7      | Found Funuun's Jewellery Shop.
  7891 | D:7      | 7891 ||| SHOPLISTING +4 ring of protection (432 gold, have
                  | 241).
  7891 | D:7      | 7891 ||| SHOPLISTING ring of fire (300 gold, have 241).
  7891 | D:7      | 7891 ||| SHOPLISTING ring of ice (300 gold, have 241).
  7891 | D:7      | 7891 ||| BUYING ring of poison resistance (240 gold).
  7891 | D:7      | Bought a ring of poison resistance for 240 gold pieces
  7891 | D:7      | 7891 ||| SHOPLISTING ring of positive energy (240 gold,
                  | have 1).
  7891 | D:7      | 7891 ||| SHOPLISTING ring of protection from cold (300
                  | gold, have 1).
  7902 | D:7      | 7902 ||| Stepping ~*~*~tactically~*~*~ (stealth).
  7920 | D:7      | 7920 ||| Stepping ~*~*~tactically~*~*~ (stealth).
  7943 | D:7      | 7943 ||| Stepping ~*~*~tactically~*~*~ (stealth).
  7945 | D:7      | 7945 ||| Stepping ~*~*~tactically~*~*~ (stealth).
  7950 | D:7      | Reached skill level 12 in Axes
  7950 | D:7      | Reached XP level 10. HP: 58/59 MP: 4/14
  8145 | D:7      | 8145 ||| UPGRADING to amulet "Vaeziyf" {RegenMP rN++ Regen+
                  | Dex+2}.
  8155 | D:7      | 8155 ||| DROPPING amulet of regeneration.
  8156 | D:7      | 8156 ||| UPGRADING to ring of poison resistance.
  8158 | D:7      | 8158 ||| UPGRADING to +6 ring of strength.
  8160 | D:7      | 8160 ||| READING 2 scrolls of identify.
  8160 | D:7      | 8160 ||| IDENTIFYING viscous grey potion
  8198 | D:8      | Found a large runed translucent door.
  8208 | D:8      | 8208 ||| Stepping ~*~*~tactically~*~*~ (hiding).
  8214 | D:8      | 8214 ||| INVOKING Heroism.
  8228 | D:8      | Reached **** piety under Okawaru
  8231 | D:8      | HP: 12/60 [killer bee (6)]
  8234 | D:8      | HP: 4/60 [killer bee (5)]
  8236 | D:8      | HP: 1/60 [poisoned by a killer bee]
  8237 | D:8      | Succumbed to a killer bee's poison

Levels and vault maps discovered:
D:1:      nzn_arrival_depleted_hourglass, layout_rooms
D:2:      layout_loops_corners, serial_shops, nicolae_shop_statue_plus,
          basic_altar, st_stairs_14, uniq_jessica
D:3:      layout_basic, hellmonk_ecumenical_altar_leap_of_faith, uniq_robin
D:4:      layout_basic, minmay_temple_entry_slanted, gammafunk_ghost_necromancy
D:5:      minmay_chambers_of_threes, layout_basic, serial_shops,
          nicolae_take_the_stairs
D:6:      layout_loops_cross, general_overflow_altar,
          nicolae_ossuary_entry_catacombs, kennysheep_generic_room_2,
          uniq_pikel, uniq_edmund, uniq_crazy_yiuf_cottage
D:7:      layout_rooms, serial_shops, shop, enter_bailey_3, grunt_ministairs_3,
          ebering_dispersal_statue_hall, chequers_serial_rivers_micro_c,
          uniq_prince_ribbit1
D:8:      layout_cave_pools, jmf_multi_god_temple2
Temple:   compressed_dpeg_circular_temple

Skill      XL: |  1  2  3  4  5  6  7  8  9 10 |
---------------+-------------------------------+-----
Axes           | 3 4 5 6 7 10 12 | 12.0
Armour         | 3 5 |  5.0
Invocations    | 1 3 4 |  4.1
Fighting       | 3 4 5 |  5.7
Dodging        | 3 4 |  4.2
Throwing       | |  1.0
Spellcasting   | |  2.0
Translocations | |  2.4

Action                   |  1- 3 |  4- 6 |  7- 9 | 10-12 || total
-------------------------+-------+-------+-------+-------++-------
Melee: Hand axe          |    76 |   113 |   300 |    32 ||   521
       Kick              |     8 |    26 |   100 |     3 ||   137
       Peck              |     7 |    19 |    65 |     2 ||    93
       Punch             |     2 |       |     7 |       ||     9
Throw: Boomerang         |     7 |       |       |       ||     7
Invok: Heroism           |       |     2 |    18 |     1 ||    21
  Use: Scroll            |     2 |     8 |     5 |     1 ||    16
       Potion            |     1 |     3 |     3 |       ||     7
Armor: Leather armour    |    12 |       |       |       ||    12
       Ring mail         |       |    11 |       |       ||    11
       Chain mail        |       |    24 |    62 |       ||    86
       Plate armour      |       |       |    10 |    32 ||    42
Dodge: Dodged            |    30 |    51 |    87 |    55 ||   223

Table legend:
 A = Non-vault XP
 B = Vault XP
 C = Vault XP percentage of total XP
 D = Non-vault monster count
 E = Vault monster count
 F = Vault count percentage of total count
                 A         B        C        D         E       F
            +---------+---------+-------+---------+---------+-------
      Total |    2981 |    2320 |  43.8 |     122 |      43 |  26.1
            +---------+---------+-------+---------+---------+-------
        D:1 |      38 |       0 |   0.0 |      22 |       0 |   0.0
        D:2 |      44 |      39 |  47.0 |      15 |       2 |  11.8
        D:3 |      57 |      37 |  39.4 |      12 |      12 |  50.0
        D:4 |     501 |       0 |   0.0 |      18 |       0 |   0.0
        D:5 |     830 |     622 |  42.8 |      25 |      12 |  32.4
        D:6 |     445 |    1305 |  74.6 |      10 |      11 |  52.4
        D:7 |     554 |     317 |  36.4 |      11 |       6 |  35.3
        D:8 |     512 |       0 |   0.0 |       9 |       0 |   0.0
            +---------+---------+-------+---------+---------+-------
